 Dungeon Crawl Stone Soup version 0.30-a0-1160-g6e42c06551 (webtiles) character file.

Game seed: 7555433572299194106

1 CoinPitGoblin the Conjurer (level 1, -3/10 HPs)
             Began as a Deep Elf Conjurer on Apr 26, 2023.
             Frozen to death by an endoplasm (5 damage)
             ... on level 1 of the Dungeon.
             The game lasted 00:00:56 (32 turns).

CoinPitGoblin the Conjurer (Deep Elf Conjurer)        Turns: 32, Time: 00:00:57

Health: -3/10      AC:  2    Str:  4    XL:     1   Next: 16%
Magic:  1/6        EV: 12    Int: 22    God:
Gold:   0          SH:  0    Dex: 13    Spells: 5/6 levels left

rFire   . . .        (no weapon)
rCold   . . .        (no shield)
rNeg    . . .        a - +0 robe
rPois   .            (no helmet)
rElec   .            (no cloak)
rCorr   .            (no gloves)
SInv    .            (no boots)
Will    .....        (no amulet)
Stlth   ++           (no ring)
HPRegen 0.21/turn    (no ring)
MPRegen 0.10/turn

%: no passive effects
@: no status effects
A: no striking features
a: no special abilities


You were on level 1 of the Dungeon.
You visited 1 branch of the dungeon, and saw 1 of its levels.

Inventory:

Armour
 a - a +0 robe (worn)
Potions
 b - a potion of magic


   Skills:
 + Level 2.4 Dodging
 - Level 2.4 Stealth
 + Level 3.0 Spellcasting
 + Level 4.4 Conjurations


You had 5 spell levels left.
You knew the following spells:

 Your Spells              Type           Power      Damage    Failure   Level
a - Magic Dart            Conj           88%        1d7       1%          1

Your spell library contained the following spells:

 Spells                   Type           Power      Damage    Failure   Level
 Searing Ray              Conj           44%        2d6       3%          2
 Dazzling Flash           Conj/Hex       26%        N/A       16%         3
 Fulminant Prism          Conj/Hex       6%         3d6       45%         4
 Iskenderun's Mystic Bla  Conj/Tloc      13%        2d5       45%         4


Dungeon Overview and Level Annotations

Branches:
Dungeon (1/15)

Altars:


Message History

You escape the ball python's grasp.
The endoplasm attacks as you move away! The endoplasm completely misses you.
The ball python attacks as you move away!
The ball python bites you but does no damage.
The ball python closely misses you.
You enter a dispersal trap!
The endoplasm blinks!
The ball python blinks! x2; The endoplasm blinks!
You blink.
Found a There-And-Back Book.
The ball python barely misses you. The ball python closely misses you.
The ball python attacks as you move away!
The ball python barely misses you. The endoplasm hits you.
The endoplasm attacks as you move away! The endoplasm barely misses you.
The ball python enters a dispersal trap!
The endoplasm blinks!
You blink.
The ball python blinks!
The endoplasm enters a dispersal trap!
The ball python blinks! x2; You blink.
The endoplasm blinks!
Aiming: Magic Dart (safe; 1% risk of failure)
Press: ? - help, Q - select action Shift-Dir - straight line, f/p - endoplasm
Aim: an endoplasm (moderately wounded, 100% to hit)
The magic dart hits the endoplasm.
The endoplasm is almost dead.
The ball python enters a dispersal trap!
The endoplasm blinks!
You blink.
The ball python blinks!
The ball python closely misses you. The ball python barely misses you.
Really walk into that dispersal trap?
You enter a dispersal trap!
The endoplasm blinks!
The ball python blinks!
The endoplasm blinks!
You blink.
The ball python bites you. The ball python barely misses you.
The ball python barely misses you. The ball python grabs you.
The ball python constricts you. The endoplasm freezes you.
You are frozen.
Ouch! That really hurt!
* * * LOW HITPOINT WARNING * * *
You escape the ball python's grasp.
The ball python bites you but does no damage.
The ball python closely misses you. The endoplasm freezes you.
You are frozen.
Ouch! That really hurt!
You die...

#...<...#
#.....[.#
#÷÷÷#÷..#
#.÷÷#.÷÷#
#..÷#÷..#
########÷÷÷>÷÷÷#
#......##.###.##
#..S...##'###+#
#...@^.....[..#
#..J.....######
#§.......#
#......$.#
..........#
.>.#..#######
#:###..## # ..##
#.#


You could see an endoplasm and a ball python.

Vanquished Creatures
  A quokka (D:1)
1 creature vanquished.

Notes
Turn   | Place    | Note
-------+----------+-------------------------------------------
     0 | D:1      | CoinPitGoblin the Deep Elf Conjurer began the quest for the
                  | Orb.
     0 | D:1      | Reached XP level 1. HP: 10/10 MP: 6/6
    32 | D:1      | Frozen to death by an endoplasm

Illustrated notes

Levels and vault maps discovered:
D:1:      heliophobic_arrival_battle_scene, layout_rooms,
          chequers_ecumenical_altar_simple, hangedman_decor_push

Action                     || total
---------------------------++-------
   Cast: Magic Dart        ||     7
 Armour: Robe              ||     3
  Dodge: Dodged            ||    18

Table legend: (Time is in decaauts)
 A = Elapsed time spent in this place.
 B = Non-inter-level travel time spent in this place.
 C = Inter-level travel time spent in this place.
 D = Time resting spent in this place.
 E = Time spent auto-exploring this place.
 F = Levels seen in this place.
 G = Mean time per level.
                   A        B        C        D        E       F      G
               +--------+--------+--------+--------+--------+-----+--------+
         Total |     32 |     32 |      0 |      0 |      7 |   1 |   32.0 |
       Dungeon |     32 |     32 |      0 |      0 |      7 |   1 |   32.0 |
               +--------+--------+--------+--------+--------+-----+--------+

Top non-repeatable levels by time:
     D:1: 32 daAuts
